 Dungeon Crawl Stone Soup version 0.28-a0-1486-g8196b01 (webtiles) character file.

Game seed: 11986547142925927114

2928 Illumine the Thaumaturge (level 9, -3/65 HPs)
             Began as a Mummy Necromancer on Jan 11, 2022.
             Was a Follower of Sif Muna.
             Slain by a killer bee (4 damage)
             ... on level 7 of the Dungeon.
             The game lasted 00:17:33 (10597 turns).

Illumine the Thaumaturge (Mummy Necromancer)       Turns: 10597, Time: 00:17:34

Health: -3/65      AC:  2    Str: 12    XL:     9   Next: 50%
Magic:  15/21      EV: 13    Int: 18    God:    Sif Muna [*.....]
Gold:   288        SH:  0    Dex: 12    Spells: 13/24 levels left

rFire   x . .      SeeInvis .   w - +0 dagger (vamp)
rCold   + . .      Faith    .   (no shield)
rNeg    + + +      Spirit   .   a - +0 robe
rPois   ∞          Reflect  .   (no helmet)
rElec   .          Harm     .   (no cloak)
rCorr   .          Rampage  .   (no gloves)
Will    +....                   (no boots)
Stlth   ++........              (no amulet)
HPRegen 0.20/turn               (no ring)
MPRegen 0.17/turn               (no ring)

@: no status effects
A: cold resistance 1, negative energy resistance 3, torment resistance 2, heat
vulnerability 1, no potions
a: Renounce Religion, Channel Magic


You were on level 7 of the Dungeon.
You worshipped Sif Muna.
Sif Muna was aware of your devotion.
You visited 2 branches of the dungeon, and saw 8 of its levels.

You collected 288 gold pieces.

Inventory:

Hand Weapons
 w - a +0 vampiric dagger (weapon)
Missiles
 k - 23 poisoned darts (quivered)
Armour
 a - a +0 robe (worn)
 i - a +0 kite shield
 j - a scarf of harm
Magical Staves
 b - a staff of poison
 g - a staff of conjuration
Jewellery
 r - a ring of fire
Wands
 c - a wand of polymorph (12)
 s - a wand of digging (4)
Scrolls
 d - 2 scrolls of immolation
 e - a scroll of enchant weapon
 f - 8 scrolls of teleportation
 h - 2 scrolls of noise
 l - 2 scrolls of vulnerability {unknown}
 m - 2 scrolls of amnesia {unknown}
 n - a scroll of blinking {unknown}
 o - a scroll of magic mapping {unknown}
 p - a scroll of holy word {unknown}
 q - 2 scrolls of summoning {unknown}
 t - a scroll of silence {unknown}
 u - a scroll of fog {unknown}


   Skills:
 + Level 3.9 Fighting
 + Level 2.5 Staves
 + Level 3.9 Dodging
 - Level 1.5 Stealth
 * Level 8.4 Spellcasting
 + Level 2.5 Conjurations
 + Level 6.5 Necromancy
 + Level 3.0 Ice Magic
 * Level 3.5 Invocations
 + Level 2.3 Evocations


You had 13 spell levels left.
You knew the following spells:

 Your Spells              Type           Power      Damage    Failure   Level
a - Pain                  Necr           100%       1d9       1%          1
b - Vampiric Draining     Necr           31%        2d8       1%          3
c - Animate Dead          Necr           15%        N/A       6%          4
d - Ozocubu's Armour      Ice            18%        N/A       9%          3

Your spell library contained the following spells:

 Spells                   Type           Power      Damage    Failure   Level
 Animate Skeleton         Necr           62%        N/A       1%          1
 Agony                    Necr           31%        N/A       19%         5
 Gell's Gravitas          Tloc           7%         N/A       28%         3
 Teleport Other           Tloc           7%         N/A       28%         3
 Metabolic Englaciation   Hex/Ice        6%         N/A       80%         5
 Simulacrum               Ice/Necr       12%        N/A       90%         6
 Dispersal                Tloc           3%         N/A       100%        6


Dungeon Overview and Level Annotations

Branches:
Dungeon (7/15)             Temple (1/1) D:4

Altars:
Cheibriados
Dithmenos
Fedhas
Gozag
Hepliaklqana
Kikubaaqudgha
Nemelex Xobeh
Qazlal
Ru
Sif Muna
Trog
Wu Jian
Yredelemnul
Zin
The Shining One


Innate Abilities, Weirdness & Mutations

You are immune to poison.
Your flesh is cold resistant. (rC+)
You are immune to negative energy. (rN+++)
You are immune to unholy pain and torment.
You are vulnerable to heat. (rF-)
You do not drink.


Message History

Press: ? - help, Shift-Dir - straight line, f/p - yak
Aim: a yak (almost dead)
You draw life force from the yak!
You kill the yak!
Sif Muna accepts your kill.
You feel life coursing into your body.
Your Ice Magic skill increases to level 3!
There is a fountain of clear blue water here.
You feel less invigorated.
You start resting.
Magic restored.
You start resting.
A killer bee is nearby!
Save game and exit?
Welcome back, Illumine the Mummy Necromancer.
Sif Muna whispers: I know many secrets...
Press ? for a list of commands and other information.
The killer bee buzzes angrily.
There is a fountain of clear blue water here.
The killer bee barely misses you. The killer bee stings you!
* * * LOW HITPOINT WARNING * * *
Cast which spell? (? or * to list)
Aiming: Vampiric Draining (safe; 1% risk of failure)
Press: ? - help, Shift-Dir - straight line, f - killer bee
Aim: a killer bee You draw life force from the killer bee!
You feel life coursing into your body. The killer bee misses you.
The killer bee stings you!
* * * LOW HITPOINT WARNING * * *
Casting: Vampiric Draining (safe; 1% risk of failure)
Confirm with . or Enter, or press ? or * to list all spells.
Aiming: Vampiric Draining (safe; 1% risk of failure)
Press: ? - help, Shift-Dir - straight line, f/p - killer bee
Aim: a killer bee (moderately wounded)
You draw life force from the killer bee!
You feel life coursing into your body. The killer bee stings you!
* * * LOW HITPOINT WARNING * * *
The killer bee stings you.
You die...

....# . .#...## ..
......###### .# ...........
... .....Z..)..
..#.##.#...... #####
..#.##.##..##############...#
................@y....†.....#
#.#.#.#.........####.###....#
..#...##........#.⌠.⌠# ##...#
..###.##........#...y# ##..#
......##........#.._.#$..8..#
......##........#....#$.....#
..#....#......[.#....#$.....#
#.......####.##.#.._.#$..8..#
#.......###..##.#....##.##..#


You could see a killer bee.

Vanquished Creatures
  Pikel (D:5)
  A yak (D:7)
  Sigmund (D:5)
  A wyvern (D:6)
  A steam dragon (D:7)
  An orc warrior (D:6)
  2 sky beasts
  An ogre (D:5)
  2 black bears
  A centaur (D:5)
  3 scorpions
  A water moccasin zombie (D:6)
  2 killer bees (D:6)
  A jelly (D:7)
  A bullfrog zombie (D:5)
  4 hounds
  4 orc priests
  2 bullfrog skeletons
  A centaur skeleton (D:7)
  3 gnoll shamans
  5 iguanas
  2 orc wizards
  Ijyb (D:5)
  2 hound skeletons (D:5)
  A howler monkey zombie (D:5)
  4 adders
  11 gnolls
  A worm (D:2)
  4 dart slugs
  14 orcs
  6 ball pythons
  4 bats
  4 endoplasms
  3 giant cockroaches
  12 goblins
  10 hobgoblins
  3 jackals (D:4)
  4 quokkas
  5 frilled lizards (D:1)
  7 kobolds
  6 rats
143 creatures vanquished.

Vanquished Creatures (others)
  12 plants (D:2)
12 creatures vanquished.

Grand Total: 155 creatures vanquished

Notes
Turn   | Place    | Note
-------+----------+-------------------------------------------
     0 | D:1      | Illumine the Mummy Necromancer began the quest for the Orb.
     0 | D:1      | Reached XP level 1. HP: 13/13 MP: 4/4
   342 | D:1      | Reached skill level 3 in Spellcasting
   438 | D:1      | Reached XP level 2. HP: 19/19 MP: 4/6
  1366 | D:2      | Reached XP level 3. HP: 23/24 MP: 6/8
  1370 | D:2      | Learned a level 3 spell: Vampiric Draining
  1390 | D:2      | Found a faded altar of an unknown god.
  1972 | D:2      | Reached skill level 4 in Spellcasting
  2272 | D:2      | Reached XP level 4. HP: 17/30 MP: 2/10
  2664 | D:2      | Reached skill level 5 in Necromancy
  2904 | D:3      | Found an ornate altar of the Wu Jian Council.
  2907 | D:3      | Found a sacrificial altar of Ru.
  3053 | D:3      | Found a shadowy altar of Dithmenos.
  3326 | D:3      | Reached XP level 5. HP: 36/36 MP: 9/12
  3363 | D:3      | Learned a level 4 spell: Animate Dead
  3478 | D:3      | Noticed an air elemental
  3488 | D:3      | Found a stormy altar of Qazlal.
  3489 | D:3      | Noticed a fire elemental
  3489 | D:3      | Noticed a water elemental
  3551 | D:3      | Reached skill level 1 in Fighting
  3662 | D:3      | Learned a level 3 spell: Ozocubu's Armour
  3817 | D:4      | Reached skill level 5 in Spellcasting
  4074 | D:5      | Entered Level 5 of the Dungeon
  4074 | D:5      | Noticed a centaur
  4326 | D:4      | Reached XP level 6. HP: 8/43 MP: 0/14
  4777 | D:4      | Reached skill level 1 in Ice Magic
  5035 | D:4      | Reached skill level 6 in Spellcasting
  5035 | D:4      | Found a staircase to the Ecumenical Temple.
  5132 | Temple   | Entered the Ecumenical Temple
  5146 | Temple   | Became a worshipper of Sif Muna the Loreminder
  5206 | D:5      | Reached XP level 7. HP: 50/50 MP: 8/16
  6110 | D:5      | Noticed Pikel
  6117 | D:5      | Killed Pikel
  6118 | D:5      | Reached skill level 1 in Staves
  6118 | D:5      | Reached skill level 1 in Conjurations
  6118 | D:5      | Reached skill level 1 in Invocations
  6118 | D:5      | Reached skill level 1 in Evocations
  6118 | D:5      | Reached XP level 8. HP: 53/57 MP: 2/18
  6239 | D:5      | Noticed Ijyb
  6243 | D:5      | Killed Ijyb
  6244 | D:5      | Reached skill level 7 in Spellcasting
  7184 | D:5      | Found a basalt altar of Yredelemnul.
  7277 | D:5      | Noticed Sigmund
  8085 | D:5      | Killed Sigmund
  8548 | D:5      | Found an opulent altar of Gozag.
  8548 | D:5      | Found a sparkling altar of Nemelex Xobeh.
  8765 | D:6      | Reached * piety under Sif Muna
  8871 | D:6      | HP: 2/58 [wyvern (8)]
  8877 | D:6      | Reached XP level 9. HP: 15/64 MP: 5/20
  9339 | D:6      | Reached skill level 8 in Spellcasting
  9678 | D:6      | HP: 1/64 [killer bee (4)]
 10415 | D:7      | Identified the +0 scale mail of Demoar {Fly rF- rCorr}
 10523 | D:7      | Found a hazy altar of Hepliaklqana.
 10523 | D:7      | Found a snail-covered altar of Cheibriados.
 10597 | D:7      | HP: 1/65 [killer bee (9)]
 10597 | D:7      | Slain by a killer bee

Illustrated notes

Levels and vault maps discovered:
D:1:      dpeg_arrival_morbid_curiosity, layout_loops_ring
D:2:      layout_basic, shapermc_ecumenical_altar_gd, nicolae_grassy_gnolls
D:3:      layout_basic, nicolae_qazlal_style_of_elements, grunt_dithmenos_smoke,
          mainiacjoe_overflow_catwalk_spiral
D:4:      layout_basic, minmay_temple_entry_nine_rooms, kennysheep_diamond,
          st_stairs_12, feat_on_display
D:5:      layout_loops_corners, grunt_temple_overflow_opulence,
          nicolae_overflow_crystal_walls, uniq_ijyb, uniq_pikel, uniq_sigmund
D:6:      layout_basic
D:7:      layout_rooms, vehumet_crystals, xom_redecorated,
          mainiacjoe_overflow_six_doors_small, jmf_multi_god_temple,
          grunt_ministairs_11
Temple:   compressed_dpeg_triangle_lava_temple

Skill      XL: |  1  2  3  4  5  6  7  8  9 |
---------------+----------------------------+-----
Spellcasting   | 3 4 5 6 7 8 |  8.4
Necromancy     | 5 6 |  6.5
Fighting       | 1 2 3 |  3.9
Dodging        | 2 3 |  3.9
Ice Magic      | 1 2 3 |  3.0
Staves         | 1 2 |  2.5
Conjurations   | 1 2 |  2.5
Invocations    | 1 2 3 |  3.5
Evocations     | 1 2 |  2.3
Stealth        | |  1.5

Action                   |  1- 3 |  4- 6 |  7- 9 || total
-------------------------+-------+-------+-------++-------
Melee: Staff             |       |    25 |   118 ||   143
       Punch             |       |     1 |       ||     1
       Dagger            |       |       |    16 ||    16
Throw: Throwing net      |       |     1 |       ||     1
 Cast: Pain              |    87 |   102 |    82 ||   271
       Vampiric Draining |       |    19 |    88 ||   107
       Ozocubu's Armour  |       |       |     3 ||     3
Invok: Channel Magic     |       |       |     3 ||     3
  Use: Scroll            |       |     4 |       ||     4
 Stab: Held in net/web   |       |     1 |       ||     1
Armor: Robe              |     5 |    10 |    39 ||    54
Dodge: Dodged            |    26 |    34 |   150 ||   210

Table legend: (Time is in decaauts)
 A = Elapsed time spent in this place.
 B = Non-inter-level travel time spent in this place.
 C = Inter-level travel time spent in this place.
 D = Time resting spent in this place.
 E = Time spent auto-exploring this place.
 F = Levels seen in this place.
 G = Mean time per level.
                   A        B        C        D        E       F      G
               +--------+--------+--------+--------+--------+-----+--------+
         Total |  10628 |  10358 |    270 |   4070 |   4628 |   8 | 1328.5 |
       Dungeon |  10602 |  10342 |    260 |   4070 |   4627 |   7 | 1514.6 |
        Temple |     25 |     15 |     10 |      0 |      1 |   1 |   25.0 |
               +--------+--------+--------+--------+--------+-----+--------+

Top non-repeatable levels by time:
     D:5: 2413 daAuts
     D:6: 2257 daAuts
     D:1: 1531 daAuts
     D:4: 1527 daAuts
     D:2: 1297 daAuts
     D:3: 1008 daAuts
     D:7: 566 daAuts
  Temple: 25 daAuts
